 Dungeon Crawl Stone Soup version 0.31.0-9-g3a7656b989 (webtiles) character file.

Game seed: 4841844506483217308

46 qw the Shooter (level 3, -1/20 HPs)
             Began as a Deep Elf Hunter on Feb 2, 2024.
             Slain by Sigmund
             ... wielding a +0 scythe
              (9 damage)
             ... on level 2 of the Dungeon.
             The game lasted 00:00:03 (961 turns).

qw the Shooter (Deep Elf Hunter)                     Turns: 961, Time: 00:00:04

Health: -1/20      AC:  5    Str: 10    XL:     3   Next: 44%
Magic:  0/5        EV: 11    Int: 13    God:
Gold:   104        SH:  0    Dex: 18    Spells: 2/2 levels left

rFire   . . .        a - +0 shortbow
rCold   . . .        (shield currently unavailable)
rNeg    . . .        g - +0 ring mail
rPois   .            (no helmet)
rElec   .            (no cloak)
rCorr   .            (no gloves)
SInv    .            (no boots)
Will    .....        f - amulet of guardian spirit
Stlth   +            (no ring)
HPRegen 0.23/turn    (no ring)
MPRegen 0.09/turn

%: guardian spirit
@: no status effects
A: no striking features
a: no special abilities


You were on level 2 of the Dungeon.
You visited 1 branch of the dungeon, and saw 2 of its levels.

You collected 104 gold pieces.


   Skills:
 - Level 1.5 Fighting
 + Level 7.0 Ranged Weapons
 - Level 2.4 Dodging
 - Level 1.2 Stealth


You had 2 spell levels left.
You didn't know any spells.
Your spell library was empty.

Inventory:

Hand Weapons
 a - a +0 shortbow (weapon)
Armour
 g - a +0 ring mail (worn)
Jewellery
 f - an amulet of guardian spirit (around neck)
Scrolls
 c - a scroll of silence {unknown}
 d - a scroll of identify
 e - a scroll of teleportation
 h - a scroll of immolation {unknown}
Potions
 b - a potion of heal wounds {unknown}

Dungeon Overview and Level Annotations

Branches:
Dungeon (2/15)

Altars:

Shops:
D:2 :

Annotations:
D:2 Sigmund


Message History

You see here a bat corpse.
You shoot an arrow. The arrow hits the adder.
The adder is heavily wounded.
Enter note:
Enter note: You shoot an arrow.
The arrow hits the adder.
The adder is almost dead.
You shoot an arrow. The arrow closely misses the adder.
You shoot an arrow. The arrow hits the adder.
You kill the adder!
Your Ranged Weapons skill increases to level 7!
You shoot an arrow.
The arrow hits Sigmund but does no damage.
You shoot an arrow.
The arrow hits Sigmund but does no damage.
Sigmund barely misses you.
You shoot an arrow. The arrow hits Sigmund!
Sigmund is moderately wounded.
Sigmund hits you from afar with a +0 scythe!
You shoot an arrow. The arrow closely misses Sigmund.
Sigmund gestures at you while chanting. You resist with some effort.
You shoot an arrow. The arrow hits Sigmund.
Sigmund is heavily wounded.
Sigmund completely misses you.
You shoot an arrow. The arrow barely misses Sigmund.
Sigmund hits you from afar with a +0 scythe.
You shoot an arrow. The arrow hits Sigmund!
Sigmund is severely wounded.
You shoot an arrow. The arrow barely misses Sigmund.
Sigmund closely misses you.
You shoot an arrow. The arrow hits Sigmund.
Sigmund is almost dead.
Sigmund hits you from afar with a +0 scythe.
You shoot an arrow. The arrow barely misses Sigmund.
Sigmund closely misses you.
You shoot an arrow. The arrow barely misses Sigmund.
Sigmund hits you from afar with a +0 scythe!
You die...
Sigmund begins carving another notch in his scythe.

..#..# #.#..#
..#... ..##..
...######.#
..........#
%.######### ..#
########### ..#
#..@.@....# ..#
#.#######..@
..# ##.######.
..# #.........
..#
######..######.
#.#
#............#
..#
#.####..####.#
#.# #.# #.....
#.######.##
#)#####


You could see Sigmund.

Vanquished Creatures
  A gnoll (D:1)
  An adder (D:2)
  A dart slug (D:1)
  4 ball pythons
  An endoplasm (D:1)
  A giant cockroach (D:1)
  2 goblins
  3 hobgoblins
  4 kobolds (D:1)
  5 bats
  3 frilled lizards (D:1)
  2 rats (D:1)
28 creatures vanquished.

Notes
Turn   | Place    | Note
-------+----------+-------------------------------------------
     0 | D:1      | qw the Deep Elf Hunter began the quest for the Orb.
     0 | D:1      | Reached XP level 1. HP: 12/12 MP: 3/3
     0 | D:1      | 0 ||| qw: Version: 0.3-a-155-g5e7d8dd
     0 | D:1      | 0 ||| qw: Game counter: 811
     0 | D:1      | 0 ||| qw: Melee chars always use a shield: true
     0 | D:1      | 0 ||| qw: God list: Okawaru
     0 | D:1      | 0 ||| qw: Allow faded altars: false
     0 | D:1      | 0 ||| qw: Do Orc after clearing Dungeon:15 true
     0 | D:1      | 0 ||| qw: Do second Lair branch before Depths: true
     0 | D:1      | 0 ||| qw: Lair rune preference: random
     0 | D:1      | 0 ||| qw: Goals: Normal
     0 | D:1      | 0 ||| PLANNING D:1-11
     5 | D:1      | Noticed an anaconda
    90 | D:1      | Reached XP level 2. HP: 16/16 MP: 4/4
   191 | D:1      | Reached skill level 6 in Ranged Weapons
   250 | D:1      | Noticed a death yak
   390 | D:1      | HP: 2/16 [kobold/+0 whip (3)]
   620 | D:1      | Found a faded altar of an unknown god.
   624 | D:1      | Reached XP level 3. HP: 20/20 MP: 5/5
   675 | D:1      | 675 ||| UPGRADING to +0 ring mail.
   685 | D:1      | 685 ||| DROPPING +0 leather armour.
   686 | D:1      | 686 ||| UPGRADING to amulet of guardian spirit.
   691 | D:1      | 691 ||| READING 2 scrolls labelled TUYSIE PIASON.
   691 | D:1      | 691 ||| IDENTIFYING scroll labelled UTARASCH UPAJ
   692 | D:1      | 692 ||| DROPPING scroll of butterflies.
   707 | D:2      | Found Puguel's Book Shop.
   906 | D:2      | Identified the +3 flail of Irous {protect, Int+4}
   945 | D:2      | Noticed Sigmund
   946 | D:2      | 946 ||| FLEEEEING.
   951 | D:2      | Reached skill level 7 in Ranged Weapons
   961 | D:2      | Slain by Sigmund

Levels and vault maps discovered:
D:1:      sevenhm_arrival_forest_fort_small_2, layout_loops_ring,
          shapermc_ecumenical_altar_mp_ritualfount,
          hangedman_abyss_or_decor_lesser_grid
D:2:      layout_loops_ring, serial_shops, shop, minmay_misc_feat_more_columns,
          uniq_sigmund

Skill      XL: |  1  2  3 |
---------------+----------+-----
Ranged Weapons | 6 7 |  7.0
Fighting       | |  1.5
Dodging        | |  2.4
Stealth        | |  1.2

Action                     || total
---------------------------++-------
   Fire: Shortbow          ||    74
    Use: Scroll            ||     1
 Armour: Leather armour    ||     7
         Ring mail         ||    12
  Dodge: Dodged            ||    17

Table legend:
 A = Non-vault XP
 B = Vault XP
 C = Vault XP percentage of total XP
 D = Non-vault monster count
 E = Vault monster count
 F = Vault count percentage of total count
                 A         B        C        D         E       F
            +---------+---------+-------+---------+---------+-------
      Total |      66 |       0 |   0.0 |      28 |       0 |   0.0
            +---------+---------+-------+---------+---------+-------
        D:1 |      42 |       0 |   0.0 |      20 |       0 |   0.0
        D:2 |      24 |       0 |   0.0 |       8 |       0 |   0.0
            +---------+---------+-------+---------+---------+-------
